 Dungeon Crawl Stone Soup version 0.30-a0-1018-g25214051b3 (webtiles) character file.

Game seed: 12601743815262135298

2795 DeathPants the Cleaver (level 9, -4/75 HPs)
             Began as a Demonspawn Gladiator on Apr 7, 2023.
             Was an Initiate of Gozag.
             Slain by a yak (10 damage)
             ... on level 8 of the Dungeon.
             The game lasted 00:21:22 (7978 turns).

DeathPants the Cleaver (Demonspawn Gladiator)       Turns: 7978, Time: 00:21:22

Health: -4/75      AC:  9    Str: 20    XL:     9   Next: 43%
Magic:  13/16      EV: 12    Int: 11    God:    Gozag
Gold:   636        SH:  0    Dex: 23    Spells: 14/17 levels left

rFire   . . .      SeeInvis .    a - +0 war axe
rCold   . . .      Faith    .    (no shield)
rNeg    . . .      Spirit   .    p - +0 ring mail of Neuhes {Regen+ Str+3 Dex+2}
rPois   .          Reflect  .    (helmet restricted)
rElec   .          Rampage  .    (no cloak)
rCorr   .                        g - +0 pair of gloves
Will    .....                    (no boots)
Stlth   +                        w - amulet of the acrobat
HPRegen 1.12/turn                z - +6 ring of dexterity
MPRegen 0.15/turn                t - ring of flight

@: gold aura, flying, studying 2 skills
A: antennae 1, rugged brown scales 3, powered by death 1
a: Renounce Religion, Potion Petition, Call Merchant, Bribe Branch


You were on level 8 of the Dungeon.
You worshipped Gozag.
Gozag was pleased with you.
You visited 2 branches of the dungeon, and saw 10 of its levels.

You collected 842 gold pieces.
You spent 126 gold pieces at shops.
You paid 80 gold pieces to Gozag.

Inventory:

Hand Weapons
 a - a +0 war axe (weapon)
 b - a +1 whip of venom
 v - a +1 flail of protection
Missiles
 d - 2 throwing nets
 e - a javelin
 l - 20 poisoned darts
 x - 7 boomerangs
Armour
 c - a +0 helmet
 g - a +0 pair of gloves (worn)
 p - the +0 ring mail of Neuhes (worn) {Regen+ Str+3 Dex+2}
   (You found it on level 2 of the Dungeon)

   Str:       It affects your strength (+3).
   Dex:       It affects your dexterity (+2).
   Regen:     It increases your rate of health regeneration.
 G - a +0 leather armour
Jewellery
 o - the ring of Ysuzemoe {Wiz Drain rElec rC+}
   (You found it on level 2 of the Dungeon)

   [ring of wizardry]

   It improves your spell success rate.
   rC:        It protects you from cold.
   rElec:     It insulates you from electricity.
   Drain:     It drains your maximum health when unequipped.
 t - a ring of flight (right hand)
 w - an amulet of the acrobat (around neck)
 z - a +6 ring of dexterity (left hand)
Wands
 k - a wand of polymorph (6)
 s - a wand of roots (11)
 y - a wand of digging (3)
 D - a wand of quicksilver (6)
Scrolls
 j - 3 scrolls of teleportation
 m - a scroll of amnesia
 q - 2 scrolls of blinking
 r - 2 scrolls of fear
 u - a scroll of immolation {unknown}
 C - a scroll of enchant weapon {unknown}
 E - a scroll of noise {unknown}
Potions
 f - 2 potions of flight
 h - a potion of mutation
 i - 2 potions of lignification
 n - 2 potions of curing
 A - a potion of ambrosia
 B - 2 potions of brilliance
 F - a potion of heal wounds


   Skills:
 + Level 6.4 Fighting
 * Level 8.4 Axes
 - Level 1.7 Throwing
 - Level 2.6 Dodging
 + Level 4.7 Spellcasting
 + Level 6.9 Hexes


You had 14 spell levels left.
You knew the following spells:

 Your Spells              Type           Power      Damage    Failure   Level
a - Confusing Touch       Hex            17%        N/A       7%          3

Your spell library contained the following spells:

 Spells                   Type           Power      Damage    Failure   Level
 Slow                     Hex            68%        N/A       2%          1
 Sublimation of Blood     Necr           2%         N/A       50%         2
 Wereblood                Tmut           2%         N/A       50%         2
 Ignite Poison            Fire/Tmut/Pois 2%         N/A       75%         3
 Vampiric Draining        Necr           2%         2d6       75%         3
 Sticky Flame             Conj/Fire      2%         2d3       98%         4
 Summon Hydra             Summ           1%         N/A       100%        7
 Ignition                 Fire           1%         3d3       100%        8


Dungeon Overview and Level Annotations

Branches:
Dungeon (9/15)             Temple (1/1) D:5
   Lair: D:8-11         Orc: D:9-12

Altars:
Ashenzari
Cheibriados
Dithmenos
Gozag
Hepliaklqana
Kikubaaqudgha
Makhleb
Nemelex Xobeh
Trog
Uskayaw
Vehumet
Wu Jian
Xom
Yredelemnul

Shops:
D:1 ?   D:2 (   D:6 *


Innate Abilities, Weirdness & Mutations

You have a pair of small antennae on your head.
You are completely covered in rugged brown scales. (AC +3, +7% HP)
You regenerate a little health from kills.


Message History

The yak is severely wounded.
You hit the yak but do no damage. You hit the yak. The yak closely misses you.
The yak gores you but does no damage. The yak gores you!
You barely miss the yak.
The yak is severely wounded.
You barely miss the yak. You hit the yak. The yak gores you.
The yak gores you but does no damage. The yak gores you.
You slash the yak!
The yak is almost dead.
You closely miss the yak. You hit the yak but do no damage.
The yak closely misses you. The yak gores you! x2
You slash the yak!
You kill the yak!
You slash the yak! You hit the yak. The yak closely misses you.
The yak gores you! The yak gores you!
* * * LOW HITPOINT WARNING * * *
The yak closely misses you. The yak completely misses you.
You fly upwards.
There is a stone staircase leading down here.
Casting: Confusing Touch (dangerous; 8% risk of failure)
Press: ? - help, Q - select action, (/) - cycle Dir - look around, f - activate Your hands begin to glow red.
The yak closely misses you. The yak misses you. The yak closely misses you.
You hit the yak but do no damage.
The yak appears confused.
The yak is lightly wounded.
You hit the yak. You barely miss the yak. The yak gores you!
* * * LOW HITPOINT WARNING * * *
The yak gores you but does no damage.
You slash the yak!
You kill the yak!
You hit the yak but do no damage. The yak gores you but does no damage.
You hit the yak but do no damage. x2; The yak gores you but does no damage.
You slash the yak!
The yak is moderately wounded.
You hit the yak. The yak gores you!
* * * LOW HITPOINT WARNING * * *
The yak gores itself.
The yak gores you!
You die...
Your body crumbles into a pile of gold.

#######
##.....##
##.Y.....##
#.@.......#
#$Y.......#
#)........#
#........<#
#...).>...#
#.........#
#.........#
#.........#
$
...........#


You could see 2 yaks.

Vanquished Creatures
  2 yaks
  An orc warrior (D:7)
  A black bear (D:4)
  An ice beast (D:6)
  An ogre (D:5)
  A phantom (D:7)
  A kobold brigand (D:7)
  2 necrophages (D:7)
  A wyvern zombie (D:7)
  A gnoll sergeant (D:6)
  3 scorpions
  3 wights
  5 killer bees (D:7)
  A centaur zombie (D:7)
  A human zombie (D:7)
  A jelly (D:6)
  2 gnoll boudas
  3 orc priests
  4 hounds
  5 iguanas
  Natasha (twice) (D:2)
  A sleepcap (D:6)
  5 orc wizards
  A killer bee zombie (D:7)
  4 mummies (D:7)
  20 gnolls
  12 adders
  A shadow imp (D:7)
  A white imp (D:6)
  An ufetubus (D:6)
  A dart slug (D:3)
  34 orcs
  6 endoplasms
  4 giant cockroaches
  6 goblins
  10 hobgoblins
  2 quokkas
  11 ball pythons
  10 bats
  9 frilled lizards
  17 kobolds
  3 rats (D:3)
201 creatures vanquished.

Vanquished Creatures (others)
  5 plants (D:1)
  9 withered plants (D:1)
14 creatures vanquished.

Grand Total: 215 creatures vanquished

Notes
Turn   | Place    | Note
-------+----------+-------------------------------------------
     0 | D:1      | DeathPants the Demonspawn Gladiator began the quest for the
                  | Orb.
     0 | D:1      | Reached XP level 1. HP: 16/16 MP: 1/1
    54 | D:1      | Reached skill level 3 in Axes
    80 | D:1      | Gained mutation: You are partially covered in rugged brown
                  | scales. (AC +1, +3% HP) [demonic ancestry]
    80 | D:1      | Reached XP level 2. HP: 16/22 MP: 2/2
   150 | D:1      | Found Caysaxeo's Magic Scroll Shop.
   656 | D:1      | Found a faded altar of an unknown god.
  1219 | D:2      | Reached XP level 3. HP: 22/28 MP: 3/3
  1265 | D:2      | Found Gidghoz's Weapon Shoppe.
  1392 | D:2      | Identified the ring of Ysuzemoe {Wiz Drain rElec rC+}
  1735 | D:2      | Noticed Natasha
  1742 | D:2      | Killed Natasha
  1743 | D:2      | Reached skill level 4 in Axes
  1743 | D:2      | Reached XP level 4. HP: 16/36 MP: 4/4
  1836 | D:2      | Learned a level 3 spell: Confusing Touch
  1947 | D:2      | Identified the +0 ring mail of Neuhes {Regen+ Str+3 Dex+2}
  1950 | D:2      | Noticed Natasha
  1961 | D:2      | Killed Natasha
  2049 | D:2      | HP: 1/36 [gnoll/+0 halberd (11)]
  2053 | D:2      | Gained mutation: You are mostly covered in rugged brown
                  | scales. (AC +2, +5% HP) [demonic ancestry]
  2053 | D:2      | Reached XP level 5. HP: 34/43 MP: 5/5
  2468 | D:4      | Reached skill level 5 in Axes
  2579 | D:4      | Gained mutation: You are completely covered in rugged brown
                  | scales. (AC +3, +7% HP) [demonic ancestry]
  2579 | D:4      | Reached XP level 6. HP: 44/51 MP: 7/7
  2660 | D:3      | Reached skill level 1 in Spellcasting
  2660 | D:3      | Reached skill level 1 in Hexes
  3241 | D:5      | Entered Level 5 of the Dungeon
  3444 | D:4      | Reached XP level 7. HP: 49/57 MP: 9/9
  3925 | D:4      | Identified 2 scrolls of acquirement
  3925 | D:4      | Acquired a manual of Hexes
  3927 | D:4      | Acquired a manual of Summonings
  4160 | D:5      | Found a staircase to the Ecumenical Temple.
  4181 | Temple   | Entered the Ecumenical Temple
  4188 | Temple   | Became a worshipper of Gozag Ym Sagoz the Greedy
  4349 | D:1      | Bought a scroll of blinking for 82 gold pieces
  4349 | D:1      | Bought a scroll of identify for 22 gold pieces
  4349 | D:1      | Bought a scroll of identify for 22 gold pieces
  4499 | D:5      | Reached skill level 6 in Axes
  5085 | D:7      | Gained mutation: You regenerate a little health from kills.
                  | [demonic ancestry]
  5085 | D:7      | Reached XP level 8. HP: 40/65 MP: 12/12
  5271 | D:6      | Reached skill level 5 in Fighting
  5395 | D:6      | Found Rainah's Overcharged Wands.
  5540 | D:6      | Reached skill level 7 in Axes
  6008 | D:7      | Found a bloodstained altar of Trog.
  6021 | D:7      | Reached skill level 5 in Hexes
  6442 | D:7      | Found a hide-covered altar of Uskayaw.
  6558 | D:7      | Found an ornate altar of the Wu Jian Council.
  6559 | D:7      | Found a shimmering altar of Xom.
  6766 | D:7      | Gained mutation: You have a pair of small antennae on your
                  | head. [demonic ancestry]
  6766 | D:7      | Reached XP level 9. HP: 55/73 MP: 15/15
  7029 | D:7      | Found a basalt altar of Yredelemnul.
  7040 | D:7      | Reached skill level 8 in Axes
  7978 | D:8      | Slain by a yak

Illustrated notes

Levels and vault maps discovered:
D:1:      amcnicky_arrival_gap_in_the_tavern_cellar, layout_basic,
          serial_rivers, chequers_serial_rivers_small_a,
          chequers_serial_rivers_small_3, chequers_serial_rivers_room_a,
          chequers_serial_rivers_micro_c, shapermc_ecumenical_altar_flowoftime,
          serial_shops, shop, nrook_loot_triangle,
          wander_ebering_terrifying_dragon_lair
D:2:      layout_basic, serial_shops, nicolae_shop_bloodbath_and_beyond,
          st_stairs_9, uniq_natasha
D:3:      layout_basic, mainiacjoe_overflow_boulevard, serial_curves,
          eino_curves_02, eino_curves_02, minmay_starry_boxes
D:4:      layout_basic
D:5:      layout_cave_pods, minmay_temple_entry_glass, grunt_ministairs_1,
          chequers_garden
D:6:      layout_gridville, nicolae_shop_overcharged_wands
D:7:      layout_loops_corners, mainiacjoe_overflow_alcove_3,
          trog_butcher_becter, lemuel_mausoleum_altar_yredelemnul
D:8:      layout_rooms, serial_bayou_pond_d
D:9:      layout_loops_cross, nicolae_qazlal_scattered_showers,
          chequers_temple_overflow_statue_of_worship, serial_bayou_pond_c,
          minmay_misc_feat_chi
Temple:   hellmonk_temple_micro_hex

Skill      XL: |  1  2  3  4  5  6  7  8  9 |
---------------+----------------------------+-----
Axes           | 3 4 5 6 7 8 |  8.4
Fighting       | 3 4 5 6 |  6.4
Spellcasting   | 1 2 4 |  4.7
Hexes          | 1 3 5 6 |  6.9
Throwing       | |  1.7
Dodging        | |  2.6

Action                     |  1- 3 |  4- 6 |  7- 9 || total
---------------------------+-------+-------+-------++-------
  Melee: War axe           |   143 |   159 |   376 ||   678
         Punch             |       |     2 |     7 ||     9
         Whip              |       |       |    19 ||    19
  Throw: Throwing net      |       |     2 |       ||     2
   Cast: Confusing Touch   |       |       |     9 ||     9
    Use: Potion            |     1 |     1 |     1 ||     3
         Scroll            |       |       |    14 ||    14
   Stab: Held in net/web   |       |     1 |       ||     1
         Invisible         |       |       |     6 ||     6
         Sleeping          |       |       |     4 ||     4
         Confused          |       |       |     8 ||     8
 Armour: Leather armour    |    58 |       |       ||    58
         Ring mail         |       |    75 |   145 ||   220
  Dodge: Dodged            |   101 |   166 |   308 ||   575

Table legend: (Time is in decaauts)
 A = Elapsed time spent in this place.
 B = Non-inter-level travel time spent in this place.
 C = Inter-level travel time spent in this place.
 D = Time resting spent in this place.
 E = Time spent auto-exploring this place.
 F = Levels seen in this place.
 G = Mean time per level.
                   A        B        C        D        E       F      G
               +--------+--------+--------+--------+--------+-----+--------+
         Total |   8157 |   7729 |    428 |    925 |   4498 |  10 |  815.7 |
       Dungeon |   8145 |   7721 |    424 |    925 |   4498 |   9 |  905.0 |
        Temple |     12 |      8 |      4 |      0 |      0 |   1 |   12.0 |
               +--------+--------+--------+--------+--------+-----+--------+

Top non-repeatable levels by time:
     D:7: 1986 daAuts
     D:1: 1226 daAuts
     D:2: 1128 daAuts
     D:3: 978 daAuts
     D:4: 944 daAuts
     D:6: 928 daAuts
     D:5: 817 daAuts
     D:8: 122 daAuts
  Temple: 12 daAuts
     D:9: 12 daAuts
